 Dungeon Crawl Stone Soup version bcrawl-1.19.2-6-g6a88ae04c9 (webtiles) character file.

Game seed: 16800685493367638550

112 Mrkan the Skirmisher (level 4, -5/41 HPs)
             Began as a Hill Orc Fighter on Dec 30, 2019.
             Was an Initiate of Ru.
             Killed by divine providence
             ... invoked by an orc priest
              (16 damage)
             ... on level 3 of the Dungeon.
             The game lasted 00:02:43 (1491 turns).

Mrkan the Skirmisher (Hill Orc Fighter)             Turns: 1491, Time: 00:02:43

Health: -5/41      AC:  9    Str: 18    XL:     4   Next: 95%
Magic:  4/4        EV:  7    Int:  8    God:    Ru [......]
Gold:   156        SH:  9    Dex: 11    Spells: 3/3 levels left

rFire    . . .     SeeInvis .   a - +0 war axe
rCold    . . .     Gourm    .   c - +0 shield
rNeg     . . .     Faith    .   b - +0 scale mail
rPois    .         Spirit   .   k - +0 helmet
rElec    .         Reflect  .   (no cloak)
rCorr    .         Harm     .   j - +0 pair of gloves (curse)
MR       .....                  (no boots)
Stlth    ..........             (no amulet)
HPRegen  0.13/turn              (no ring)
MPRegen  0.09/turn              (no ring)

@: no status effects
A: no striking features
a: Renounce Religion, Convert to Beogh


You were on level 3 of the Dungeon.
You worshipped Ru.
Ru was noncommittal.
You were not hungry.

You visited 1 branch of the dungeon, and saw 3 of its levels.

You collected 156 gold pieces.

Inventory:

Hand Weapons
 a - a +0 war axe (weapon)
 t - a +0 morningstar
Armour
 b - a +0 scale mail (worn)
 c - a +0 shield (worn)
 j - a cursed +0 pair of gloves (worn)
 k - a +0 helmet (worn)
Scrolls
 e - 2 scrolls of remove curse {unknown}
 g - a scroll of immolation {unknown}
 i - a scroll of identify {unknown}
 m - a scroll of enchant weapon {unknown}
 r - a scroll of teleportation {unknown}
 s - a scroll of noise {unknown}
Potions
 d - 2 potions of might
 h - a potion of degeneration {unknown}
 l - a potion of ambrosia {unknown}
 n - a potion of flight {unknown}
 o - a potion of curing {unknown}
 p - 2 potions of haste {unknown}
 q - a potion of brilliance {unknown}
Comestibles
 f - 4 rations {!d}
 u - a chunk of flesh


   Skills:
 * Level 4.9 Fighting
   Level 4.9 Short Blades
   Level 4.9 Long Blades
   Level 4.9 Axes
   Level 4.9 Maces & Flails
   Level 4.9 Polearms
   Level 4.9 Staves
 + Level 4.1 Armour
 + Level 4.1 Shields
   Level 4.9 Unarmed Combat


You had 3 spell levels left.
You didn't know any spells.
Your spell library was empty.

Dungeon Overview and Level Annotations

Branches:
Dungeon (3/12)

Altars:
Ru
Xom


Message History

a +0 morningstar; a +0 leather armour There isn't anything to butcher here.
You see here an orc corpse.
Things that are here:
a +0 morningstar; a +0 leather armour
t - a +0 morningstar You see here an orc corpse.
You butcher the orc corpse.
u - a chunk of flesh You see here an orc skeleton.
An orc priest comes into view. It is wielding a +0 dagger.
You see here a +0 leather armour.
You barely miss the orc priest.
The orc priest hits you but does no damage.
You hit the orc priest.
The orc priest is moderately wounded.
The orc priest hits you but does no damage.
The orc priest invokes the aid of Beogh against you.
Beogh smites you!
You die...

#. ... #
#.#########
#.#.#........ #
#.#.#÷##.#####
#.#.#..[@o.....#
#.#.....))#)#.##.#
#>.......).......
####..†)........#
#..######......
#.. ....#. #..
#.#.# #.. .... #..


You could see an orc priest.

Vanquished Creatures
  2 orc priests (D:3)
  4 dart slugs
  2 leopard geckos (D:1)
  5 orcs (D:3)
  6 bats (D:1)
  A giant cockroach (D:2)
  2 goblins (D:1)
  3 hobgoblins
  6 kobolds
  A quokka (D:2)
  A ball python (D:1)
  3 frilled lizards
  4 rats
40 creatures vanquished.

Notes
Turn   | Place    | Note
-------+----------+-------------------------------------------
     0 | D:1      | Mrkan the Hill Orc Fighter began the quest for the Orb.
     0 | D:1      | Reached XP level 1. HP: 20/20 MP: 1/1
   151 | D:1      | Reached XP level 2. HP: 27/27 MP: 2/2
   590 | D:1      | Reached XP level 3. HP: 34/34 MP: 3/3
  1042 | D:2      | Found a shimmering altar of Xom.
  1042 | D:2      | Found a sacrificial altar of Ru.
  1046 | D:2      | Became a worshipper of Ru the Awakened
  1184 | D:2      | Found a faded altar of an unknown god.
  1463 | D:3      | Reached XP level 4. HP: 18/41 MP: 4/4
  1491 | D:3      | Killed from afar by an orc priest

Skill      XL: |  1  2  3  4 |
---------------+-------------+-----
Shields        | 4 |  4.1
Armour         | 4 |  4.1
Fighting       | |  4.9
Short Blades   | |  4.9
Long Blades    | |  4.9
Axes           | |  4.9
Maces & Flails | |  4.9
Polearms       | |  4.9
Staves         | |  4.9
Unarmed Combat | |  4.9

Action                   |  1- 3 |  4- 6 || total
-------------------------+-------+-------++-------
Melee: War axe           |   101 |    13 ||   114
  Eat: Chunk             |     2 |       ||     2
Armor: Scale mail        |    82 |     6 ||    88
Dodge: Dodged            |    36 |     5 ||    41
Block: Shield            |    61 |     7 ||    68
